Cogmind - Beta 13 @@@ ROGUE MODE // 2024.03.11 @ 18:45:36 Player: Grim Result: Destroyed by G-34 Mercenary with Small Laser Performance ------------- Evolutions (1) 500 Regions Visited (4) 800 Robots Destroyed (41) 205 Value Destroyed (672) 672 Prototype IDs (2) 40 Alien Tech Used (0) 0 Bonus (0) 0 TOTAL SCORE: 2217 Bonus ------- None Cogmind --------- Core Integrity 0/400 Matter 250/300 Energy 147/460 System Corruption 2% Temperature Cool (6) Movement Core (300) Ox5 Location -9/Storage Parts ------- > --- POWER (2) -------- Heavy Ion Engine Heavy Ion Engine > --- PROPULSION (2) --- (None) > --- UTILITY (2) ------ Sensor Array Propulsion Shielding > --- WEAPON (3) ------- (None) > --- INVENTORY (5) ---- Large Storage Unit Improved Terrain Scanner Peak State ------------ > --- POWER ------------ Ion Engine > --- PROPULSION ------- Aluminum Leg Aluminum Leg > --- UTILITY ---------- Improved Heat Sink Large Storage Unit > --- WEAPON ----------- Small Laser Particle Gun Improved Medium Laser > --- INVENTORY -------- Structural Scanner Improved Terrain Scanner Seismic Detector Propulsion Shielding Light Assault Rifle [Rating: 13] Favorites ----------- Power Light Ion Engine Engine Light Ion Engine Propulsion Light Treads Treads Light Treads Leg Aluminum Leg Flight Unit Flight Unit Utility Large Storage Unit Device Improved Heat Sink Storage Large Storage Unit Processor Targeting Computer Protection Propulsion Shielding Weapon Assault Rifle Energy Gun Particle Gun Ballistic Gun Assault Rifle Launcher Grenade Launcher Special Weapon Welding Torch Build | -11 -10 -10 -9 -9 ------- Run | Yrd Mat Min Mat Sto Slots Evolved 2 | . . . 2 . Power 1 | . . . 1 . Propulsion . | . . . . . Utility . | . . . . . Weapon 1 | . . . 1 . Parts Attached 32 | 6 12 . 11 3 Power 5 | 1 1 . 1 2 Engine 5 | 1 1 . 1 2 Core . | . . . . . Reactor . | . . . . . Propulsion 8 | 2 4 . 2 . Treads 4 | 2 2 . . . Leg 2 | . 2 . . . Wheel . | . . . . . Hover . | . . . . . Flight 2 | . . . 2 . Utility 8 | 2 3 . 2 1 Device 3 | 1 1 . . 1 Storage 3 | 1 1 . 1 . Processor 1 | . 1 . . . Hackware . | . . . . . Protection 1 | . . . 1 . Artifact . | . . . . . Weapon 11 | 1 4 . 6 . Energy Gun 6 | . 2 . 4 . Energy Cannon . | . . . . . Ballistic Gun 3 | 1 1 . 1 . Ballistic Cannon . | . . . . . Launcher 1 | . 1 . . . Special Weapon 1 | . . . 1 . Impact Weapon . | . . . . . Slashing Weapon . | . . . . . Piercing Weapon . | . . . . . Special Melee Weapon . | . . . . . Unidentified Prototypes 2 | . . . 1 1 Parts Lost 10 | . 1 . 8 1 Power 3 | . 1 . 2 . Propulsion 2 | . . . 2 . Utility 1 | . . . . 1 Weapon 4 | . . . 4 . Highest Loss Streak 4 | . 1 . 4 1 To Critical Strikes . | . . . . . Average Slot Usage (%) 86 | . 91 100 90 22 Engine 14 | . 13 14 18 . Treads 9 | . 20 . . . Leg 7 | . 5 28 6 . Flight 4 | . . . 12 . Device 3 | . 4 14 . . Storage 12 | . 14 14 11 10 Processor 4 | . 9 . . . Protection 4 | . . . 10 11 Energy Gun 12 | . 5 28 18 . Ballistic Gun 9 | . 14 . 7 . Special Weapon 1 | . . . 5 . Naked Turns . | . . . . . Heaviest Build 36 | 11 30 30 36 18 Greatest Support 40 | 40 40 20 20 3 Greatest Overweight (x) 8 | . 2 1 8 5 Average Overweight (x) . | . . 1 2 1 Largest Inventory Capacity 15 | 8 15 15 15 5 Average Capacity 12 | 7 13 15 12 5 Most Carried 6 | 2 6 4 6 5 Average Carried 3 | . 2 4 4 3 Final Capacity 15 | 8 15 15 5 5 Final Carried 5 | 1 4 4 5 2 Class Distribution -------------------- 49% | Mutant 24% | Scavenger-Tank 24% | Scavenger-Mutant Dominant Class ---------------- Mutant | -10/Materials Scavenger-Mutant | -10/Mines Scavenger-Tank | -9/Materials Mutant | -9/Storage Resources | -11 -10 -10 -9 -9 ----------- Run | Yrd Mat Min Mat Sto Matter Collected 889 | 308 323 . 258 . Remotely . | . . . . . Salvage Created 970 | 199 488 . 283 . Parts 89 | 15 46 . 28 . Haulers Intercepted . | . . . . . Recyclers Shooed 1 | . 1 . . . Parts Field Recycled . | . . . . . Retrieved Matter . | . . . . . Parts Self-Destructed . | . . . . . Prevented . | . . . . . Kills | -11 -10 -10 -9 -9 ------- Run | Yrd Mat Min Mat Sto Combat Hostiles Destroyed 29 | . 15 . 14 . Guns 26 | . 13 . 13 . Cannons 1 | . . . 1 . AOE 2 | . 2 . . . Classes Destroyed 6 | 3 3 . . . Worker 5 | 2 3 . . . Tunneler 4 | 4 . . . . Recycler 1 | 1 . . . . Watcher 2 | . 1 . 1 . Swarmer 17 | . 6 . 11 . Grunt 12 | . 9 . 3 . Best Kill Streak 6 | 4 5 . 6 . Combat Bots Only 6 | . 4 . 6 . Max Kills in Single Turn 2 | 1 2 . 2 . Gunslinging 1 | . 1 . 1 . Exploded 1 | . 1 . . . Melee . | . . . . . Uniques/NPCs Destroyed . | . . . . . Combat | -11 -10 -10 -9 -9 -------- Run | Yrd Mat Min Mat Sto Hostile Shots Fired 204 | . 62 . 109 33 Missed 48 | . 17 . 18 13 Damage Taken 1539 | . 512 . 837 190 Core 526 | . 124 . 264 138 Absorbed by Shields . | . . . . . Redirected to Shielding 30 | . . . 30 . Core Remaining (%) 75 | 100 . 50 . . Volleys Fired 110 | 16 52 . 42 . Largest 3 | 1 2 . 3 . Hottest 161 | 20 105 . 161 . Shots Fired 200 | 16 86 . 98 . Gun 184 | 16 80 . 88 . Cannon . | . . . . . Launcher 6 | . 6 . . . Special 10 | . . . 10 . Kinetic 109 | 16 62 . 31 . Thermal 79 | . 18 . 61 . Explosive 6 | . 6 . . . Electromagnetic 6 | . . . 6 . Robot Hit Streak 7 | 5 7 . 7 . Robot Miss Streak 5 | 1 4 . 5 . Penetration Max . | . . . . . Secondary Targets 3 | . 1 . 2 . Max Gunslinging Chain 1 | . 1 . 1 . Shots Hit Robots 99 | 11 46 . 42 . Core Hits 57 | 8 29 . 20 . Critical Kills 1 | . 1 . . . Critical Parts Destroyed . | . . . . . Critical Strikes 4 | . 2 . 2 . Burn 3 | . 1 . 2 . Destroy 1 | . 1 . . . Melee Attacks . | . . . . . Impact . | . . . . . Slashing . | . . . . . Piercing . | . . . . . Sneak Attacks . | . . . . . Combat Hostiles . | . . . . . Follow-up Attacks . | . . . . . Damage Inflicted 1501 | 135 800 . 557 9 Guns 1188 | 135 510 . 543 . Cannons . | . . . . . Explosions 290 | . 290 . . . Melee . | . . . . . Ramming 9 | . . . . 9 Kinetic 623 | 135 389 . 99 . Thermal 542 | . 121 . 421 . Explosive 290 | . 290 . . . Electromagnetic 37 | . . . 37 . Impact . | . . . . . Slashing . | . . . . . Piercing . | . . . . . Highest Corruption 2 | . . . . 2 Average Corruption 2 | . . . . 2 Corruption Purged . | . . . . . Corruption Blocked . | . . . . . Overload Shots . | . . . . . Overflow Damage 20 | . 20 . . . Projectiles . | . . . . . Explosions 20 | . 20 . . . Melee . | . . . . . Knockbacks . | . . . . . Impact . | . . . . . Kinetic . | . . . . . Secondary . | . . . . . Self-Inflicted Damage 37 | . 33 . . 4 Shots 1 | . 1 . . . Rammed 5 | . . . . 5 Targets Rammed 5 | . . . . 5 Kicked . | . . . . . Crushed . | . . . . . Highest Temperature 609 | . 15 . 609 . Average Temperature 191 | . 4 . 222 . Received Heat Transfer 318 | . 153 . 117 48 Effects 22 | . . . 22 . Shutdowns 8 | . . . 8 . Energy Bleed 2 | . . . 2 . Interference 4 | . . . 4 . Matter Decay 6 | . . . 6 . Short Circuit 1 | . . . 1 . Damage (minor) 1 | . . . 1 . Siege Activations . | . . . . . Robots Corrupted . | . . . . . Combat Hostiles . | . . . . . Parts Fried . | . . . . . Impact Corruptions . | . . . . . Robots Melted . | . . . . . Combat Hostiles . | . . . . . Parts Melted 2 | . . . 2 . Heat Transferred 1522 | . 347 . 1175 . Parts Sabotaged . | . . . . . Parts Stolen . | . . . . . Parts Stripped . | . . . . . Power Chain Reactions . | . . . . . Alert | -11 -10 -10 -9 -9 ------- Run | Yrd Mat Min Mat Sto Peak Influence 327 | 35 327 113 277 81 Initial 113 | . 22 113 43 36 Average 131 | 16 152 113 161 56 Maximum Alert Level 1 | . 1 . 1 . Low Security (%) 79 | 100 76 100 67 100 Level 1 20 | . 23 . 32 . Level 2 . | . . . . . Level 3 . | . . . . . Level 4 . | . . . . . Level 5 . | . . . . . High Security . | . . . . . Max Security . | . . . . . Squads Dispatched 5 | . 3 . . 2 Investigation 1 | . . . . 1 Extermination . | . . . . . Reinforcement 4 | . 3 . . 1 Assault . | . . . . . Garrison . | . . . . . Intercept . | . . . . . Searches Triggered . | . . . . . Construction Impeded . | . . . . . Haulers Reinforced . | . . . . . Active Scanning Responses . | . . . . . Cargo Convoy Interrupts . | . . . . . Stealth | -11 -10 -10 -9 -9 --------- Run | Yrd Mat Min Mat Sto Distress Signals 3 | . 2 . 1 . Communications Jammed . | . . . . . Distress Signals . | . . . . . Times Spotted 57 | . 29 . 18 10 Peak Tracking Total 12 | . 4 . 5 12 Tactical Retreats 1 | . 1 . . . Traps | -11 -10 -10 -9 -9 ------- Run | Yrd Mat Min Mat Sto Traps Triggered 3 | . 3 . . . Indirectly . | . . . . . Trap Hack Attempts . | . . . . . Triggered . | . . . . . Disarmed 1 | . . . . 1 Reprogrammed . | . . . . . Reused . | . . . . . Traps Extracted . | . . . . . Installed . | . . . . . Triggered . | . . . . . Machines | -11 -10 -10 -9 -9 ---------- Run | Yrd Mat Min Mat Sto Machines Disabled 1 | . 1 . . . Max in Single Turn 1 | . 1 . . . Machines Repaired . | . . . . . Machines Dismantled . | . . . . . Machines Sabotaged . | . . . . . Overloaded Fab Kills . | . . . . . Hacking | -11 -10 -10 -9 -9 --------- Run | Yrd Mat Min Mat Sto Machines Accessed 3 | . . . . 3 Terminals 2 | . . . . 2 Fabricators . | . . . . . Repair Stations . | . . . . . Recycling Units 1 | . . . . 1 Scanalyzers . | . . . . . Garrison Access . | . . . . . Total Hacks 10 | . . . . 10 Successful 8 | . . . . 8 Failed 2 | . . . . 2 Catastrophic 2 | . . . . 2 Database Lockouts . | . . . . . Manual . | . . . . . Terminals 5 | . . . . 5 Fabricators . | . . . . . Repair Stations . | . . . . . Recycling Units 5 | . . . . 5 Scanalyzers . | . . . . . Garrison Access . | . . . . . Terminal Hacks 3 | . . . . 3 Open Door 1 | . . . . 1 Locate Traps 1 | . . . . 1 Disarm Traps 1 | . . . . 1 Fabricator Hacks . | . . . . . Repair Station Hacks . | . . . . . Recycling Unit Hacks 5 | . . . . 5 Recycle Component 2 | . . . . 2 Process 1 | . . . . 1 Retrieve Matter 1 | . . . . 1 Retrieve Components 1 | . . . . 1 Scanalyzer . | . . . . . Garrison Access Hacks . | . . . . . Unauthorized Hacks . | . . . . . Terminals . | . . . . . Fabricators . | . . . . . Repair Stations . | . . . . . Recycling Units . | . . . . . Scanalyzers . | . . . . . Garrison Access . | . . . . . Data Cores Recovered . | . . . . . Used . | . . . . . Hacking Detections 1 | . . . . 1 Full Trace Events 1 | . . . . 1 Feedback Events . | . . . . . Feedback Blocked . | . . . . . Robot Schematics Acquired . | . . . . . Robots Built . | . . . . . Authchips . | . . . . . Time . | . . . . . Total Robot Build Rating . | . . . . . Part Schematics Acquired . | . . . . . Parts Built . | . . . . . Authchips . | . . . . . Time . | . . . . . Total Part Build Rating . | . . . . . Parts Repaired . | . . . . . Time . | . . . . . Parts Recycled 2 | . . . . 2 Recycled Matter 29 | . . . . 29 Retrieved Matter 29 | . . . . 29 Retrieved Components . | . . . . . Parts Scanalyzed . | . . . . . Part Schematics Acquired . | . . . . . Parts Damaged . | . . . . . Bothacking | -11 -10 -10 -9 -9 ------------ Run | Yrd Mat Min Mat Sto Used RIF Installer . | . . . . . Robots Hacked . | . . . . . Non-combat . | . . . . . Combat . | . . . . . Robot Hacks Applied . | . . . . . Relay Couplers Released . | . . . . . Fabnet Peak Effective % . | . . . . . Robots Rewired . | . . . . . Allies Hacked . | . . . . . Hacks Repelled . | . . . . . Allies | -11 -10 -10 -9 -9 -------- Run | Yrd Mat Min Mat Sto Total Allies . | . . . . . Largest Group . | . . . . . Highest-Rated Group . | . . . . . Highest-Rated Ally . | . . . . . Total Orders . | . . . . . Ally Attacks . | . . . . . Total Damage . | . . . . . Kills . | . . . . . Allies Corrupted . | . . . . . Allies Melted . | . . . . . Intel | -11 -10 -10 -9 -9 ------- Run | Yrd Mat Min Mat Sto Robot Analysis Total . | . . . . . Derelict Logs Recovered . | . . . . . Drone Launches . | . . . . . Drone Recoveries . | . . . . . Exploration | -11 -10 -10 -9 -9 ------------- Run | Yrd Mat Min Mat Sto Turns Passed 1603 | 148 635 170 532 118 Spaces Moved 687 | 71 275 90 141 110 Core 139 | 9 . . 20 110 Treads 288 | 62 226 . . . Legs 193 | . 49 90 54 . Wheels . | . . . . . Hover . | . . . . . Flight 67 | . . . 67 . Fastest Speed 50 | 50 160 190 100 50 Average Speed 181 | 146 171 190 274 100 Slowest Speed 680 | 160 260 190 680 300 Overloaded Moves . | . . . . . Propulsion Burnouts . | . . . . . Robots Hopped . | . . . . . Cave-ins Triggered . | . . . . . Exploration Rate (%) 24 | 4 47 29 12 31 Regions Visited 4 Branch Regions 2 Pre-discovered Areas . | . . . . . Known Exits Taken . | . . . . . Unknown Exits Taken 4 | 1 1 1 1 . Scrap Searched . | . . . . . Spaces Dug . | . . . . . Terrain Destroyed 23 | . 23 . . . Melee . | . . . . . Projectile . | . . . . . AOE 23 | . 23 . . . Terrain Rammed . | . . . . . Walls Destroyed . | . . . . . Machines Disabled . | . . . . . Actions | -11 -10 -10 -9 -9 --------- Run | Yrd Mat Min Mat Sto Total 875 | 99 357 89 210 120 Wait . | . . . . . Move 683 | 70 274 89 140 110 Hop . | . . . . . Pick Up 31 | 7 13 . 9 2 Fast Attach 1 | . . . 1 . Attach 23 | 6 9 . 5 3 Detach 4 | . 2 . 2 . Swap 8 | . 3 . 5 . Drop 10 | . 4 . 6 . Fire 110 | 16 52 . 42 . Melee . | . . . . . Ram 5 | . . . . 5 Kick . | . . . . . Crush . | . . . . . Escape Stasis . | . . . . . Rewire . | . . . . . Trap . | . . . . . Miscellaneous . | . . . . . Route ------- -11/Scrapyard -10/Materials -10/Mines -9/Materials -9/Storage History --------- Turn | Location | Event 12 | -11/Scrapyard | Discovered new exit (range 15) 149 | -11/Scrapyard | Entered Materials 330 | -10/Materials | Build established: Mutant 761 | -10/Materials | Discovered new exit (range 12) 784 | -10/Materials | Entered Mines 828 | -10/Mines | Discovered new exit (range 11) 941 | -10/Mines | Build established: Scavenger-Mutant 954 | -10/Mines | Entered Materials 954 | -9/Materials | Evolved 2 slots: Power x1, Weapon x1 1396 | -9/Materials | Build established: Scavenger-Tank 1452 | -9/Materials | Discovered new exit (range 13) 1454 | -9/Materials | Core integrity fell below 50% 1458 | -9/Materials | Lost 4 parts (1p2n1w) 1486 | -9/Materials | Entered Storage 1511 | -9/Storage | Lost 4 parts (1p3w) 1590 | -9/Storage | Core integrity fell below 20% 1604 | -9/Storage | Destroyed by G-34 Mercenary with Small Laser Last Messages --------------- 1x Blade Trap Map updated. >>Traps(Disarm) Disarmed 1 Blade Trap. 01562_ ALERT: Suspicious activity at Terminal S005. Dispatching Investigation squad. 01574_ ALERT: Hostiles spotted, dispatching reinforcements to Terminal S002. 01581_ Slammed into K-01 Serf. 01582_ Slammed into A-02 Transporter. 01588_ Slammed into U-05 Engineer. 01588_ Destabilizing: System corrupted (+2). 01592_ S-10 Pest destroyed. 01594_ Hcp. Battery destroyed. 01596_ Connecting with Door Terminal... >>Open(Door) Sealed Heavy Doors opened. 01597_ Acquired Prototype Engine. 01598_ Identified Hvy. Ion Engine. 01600_ Acquired Hvy. Ion Engine. Map ----- +----------------------------------------------------+ | ?????????????????????????????????????????????? | | ?????????????????????????????????????????????? | | ?????????????????????????????????????????????? | | ?????????????????????????????????????????????? | | ?????????????????????????????????????????????? | | ?????????????????????????????????????????????? | | ?????????????????????????????????????????????? | | ?????????????????????????????????????????????? | | ?????????????????????????????????????????????? | | ????????????????? ?????????????????????????? | | ????????????????# ?????????????????????????? | | ????????????????# ?????????????????????????? | | ????????????????# ?????????????????????????? | | ????????????????# ?????????????????????????? | | ????????????????# ?????????????????????????? | | ????????????????# #????????????????????????? | | ????????????????# #????????????????????????? | | ????????????????# #????????????????????????? | | ????????????????# #????????????????????????? | | ????????????????# ?#????????????????????????? | | ????????????????# #????????????????????????? | | ????????????????# #????????????????????????? | | ?????????? ?????# ####?????????????????????? | | ?????????# "????# ##T######????????????????? | | ?????????# """??# g gss**#????????????????? | | ?????????# ?# # s@ #????????????????? | | ?????????? """ # = # ****#????????????????? | | ?????????? """ / ?*#########????????????????? | | ?????????? """ #? #????????????????????????? | | ?????????# # ###????????????????????????? | | ?????????# """ ?# #??????????????????????????? | | ?????????# """??# #??????????????????????????? | | ?????? ??? ""???# #??????????????????????????? | | ?????? ????????# #??????????????????????????? | | ?????? ????????#?#??????????????????????????? | | ?????? ????????#?#??????????????????????????? | | ?????? ????????# #??????????????????????????? | | ?????? ????????# #??????????????????????????? | | ??????# ?########/#??????????????????????????? | | ??????# ?# #??????????????????????????? | | ??????# ## """ #??????????????????????????? | | ??????# ## """ #??????????????????????????? | | ??????# ## """ #??????????????????????????? | | #/##### ## #??????????????????????????? | | # """ #??????????????????????????? | | # """ #??????????????????????????? | | ####### + """ #??????????????????????????? | | ## # #??????????????????????????? | | ## ##########??????????????????????????? | | "" # #??????????????????????????????????? | +----------------------------------------------------+ Best States ------------- Heat Dissipation 42 Energy Generation 15 Energy Capacity 525 Matter Stores 300 Matter Capacity 300 Sight Range 16 Terrain Scan Density 10 Propulsion Shielding 33 Evasion (%) 40 Targeting Accuracy 5 Recoil Reduction 2 Item Schematics ----------------- None Robot Schematics ------------------ None Fabricated ------------ Nothing Alien Tech Used ----------------- None Achievements -------------- None Challenges ------------ None Game ------ Seed ColdMissileUnit Manual? 0 Play Time 00:20:36 Cumulative 10.7 hours Start 2024.03.11 @ 18:25:59 End 2024.03.11 @ 18:45:36 Sessions 1 Manual Loads 0 Difficulty Rogue Special Mode None Game No. 26 Rogue 9 Adventurer 17 Explorer 0 Win Type - Total 0 Types 0/0/0/0/0/0/0/0/0 Lore% 12 Gallery% 15 Achievement% 12 Wizard Run 0 Options --------- Layout 1 ASCII 0 Keyboard 0 Movement Mouse Keybinds 0 Fullscreen 1 Font 24/Smallcaps Map View 50x35 Zoom Use 0% Tactical HUD 1 Map Filters NONE Filters NONE Steam 1 RUN: 32580a96-5e7c-4a2b-b20d-1bfde3890b1a